 Dungeon Crawl Stone Soup version 0.28-a0-1184-g53156a8862 (webtiles) character file.

Game seed: 14077860530223914746

8936 ytrimaz the Basher (level 10, -4/84 HPs)
             Began as a Demigod Fighter on Dec 17, 2021.
             Slain by a seven-headed hydra (6 damage)
             ... on level 8 of the Dungeon.
             The game lasted 00:12:57 (7860 turns).

ytrimaz the Basher (Demigod Fighter)                Turns: 7860, Time: 00:12:58

Health: -4/84      AC: 20    Str: 27    XL:     10   Next: 95%
Magic:  13/13      EV: 10    Int: 10    God:
Gold:   556        SH:  6    Dex: 11    Spells: 9/9 levels left

rFire   . . .      SeeInvis .   a - +1 flail (protect)
rCold   + + +      Faith    .   c - +1 buckler
rNeg    . . .      Spirit   .   e - +5 ring mail
rPois   +          Reflect  .   (no helmet)
rElec   .          Harm     .   (no cloak)
rCorr   .          Rampage  .   E - +1 pair of gloves of Wimol {+Inv rC+++ Str-2 Dex-2}
Will    +....                   (no boots)
Stlth   +.........              l - amulet of regeneration
HPRegen 1.04/turn               s - ring of poison resistance
MPRegen 0.13/turn               D - ring of wizardry

@: under a protective aura
A: high mp 1, forlorn, divine attributes
a: Evoke Invisibility


You were on level 8 of the Dungeon.
You visited 1 branch of the dungeon, and saw 8 of its levels.
You also visited: Sewer.

You collected 585 gold pieces.
You spent 29 gold pieces at shops.

Inventory:

Hand Weapons
 a - a +1 flail of protection (weapon)
Armour
 c - a +1 buckler (worn)
 e - a +5 ring mail (worn)
 E - the +1 pair of gloves of Wimol (worn) {+Inv rC+++ Str-2 Dex-2}
   (You found it on level 7 of the Dungeon)

   Str:       It affects your strength (-2).
   Dex:       It affects your dexterity (-2).
   rC:        It renders you almost immune to cold.
   +Inv:      It lets you turn invisible.
Jewellery
 k - an amulet of the acrobat
 l - an amulet of regeneration (around neck)
 s - a ring of poison resistance (left hand)
 v - a ring of protection from cold
 D - a ring of wizardry (right hand)
Wands
 d - a wand of iceblast (24)
 t - a wand of digging (6)
Scrolls
 m - 2 scrolls of summoning
 q - 2 scrolls of amnesia
 r - 3 scrolls of enchant weapon
 u - a scroll of identify
 w - 4 scrolls of blinking
 x - 2 scrolls of brand weapon
 y - 3 scrolls of magic mapping
 z - a scroll of teleportation
 A - 3 scrolls of fog
Potions
 b - 3 potions of flight
 f - a potion of magic
 g - 2 potions of cancellation
 h - a potion of attraction
 i - 2 potions of mutation
 j - 2 potions of lignification
 n - 3 potions of brilliance
 o - 2 potions of heal wounds
 p - a potion of haste
 B - a potion of resistance
 C - a potion of curing {unknown}


   Skills:
 + Level 6.7 Fighting
 * Level 12.7 Maces & Flails
 + Level 6.8 Armour
 + Level 5.1 Shields


You had 9 spell levels left.
You didn't know any spells.
Your spell library contained the following spells:

 Spells                   Type           Power      Damage    Failure   Level
 Animate Skeleton         Necr           0%         N/A       21%         1
 Apportation              Tloc           0%         N/A       21%         1
 Magic Dart               Conj           0%         1d3       21%         1
 Slow                     Hex            0%         N/A       21%         1
 Summon Small Mammal      Summ           0%         N/A       21%         1
 Corpse Rot               Necr/Air       0%         N/A       32%         2
 Searing Ray              Conj           0%         2d4       32%         2
 Static Discharge         Conj/Air       0%         N/A       32%         2
 Confusing Touch          Hex            0%         N/A       52%         3
 Ozocubu's Armour         Ice            0%         N/A       52%         3
 Vampiric Draining        Necr           0%         2d6       52%         3
 Dispel Undead            Necr           0%         3d6       88%         4
 Fulminant Prism          Conj/Hex       0%         3d6       88%         4
 Olgreb's Toxic Radiance  Pois           0%         N/A       88%         4
 Petrify                  Tmut/Erth      0%         N/A       88%         4
 Alistair's Intoxication  Tmut/Pois      0%         N/A       99%         5
 Lightning Bolt           Conj/Air       0%         1d11      99%         5
 Death Channel            Necr           0%         N/A       100%        6
 Ozocubu's Refrigeration  Ice            0%         4d5       100%        7
 Storm Form               Tmut/Air       0%         N/A       100%        7
 Maxwell's Capacitive Co  Air            0%         ∞         100%        8


Dungeon Overview and Level Annotations

Branches:
Dungeon (8/15)             Temple (0/1) D:5            Lair (0/6) D:8
  Sewer (visited)

Shops:
D:6 *


Innate Abilities, Weirdness & Mutations

You have an increased reservoir of magic. (+10% MP)
You shall have no god before yourself.
Your divine heritage dramatically boosts your attributes as you level up.


Message History

The seven-headed hydra bites you but does no damage.
The seven-headed hydra bites you! x2; The seven-headed hydra bites you. x2
* * * LOW HITPOINT WARNING * * *
The meliai closely misses you. The meliai barely misses you.
Unknown command.
You feel much better. The meliai closely misses you.
You block the meliai's attack. The meliai hits you but does no damage.
The meliai stings you but does no damage.
Unknown command.
You sock the meliai!
Your weapon exudes an aura of protection.
The meliai is heavily wounded.
The meliai hits you with a +0 hand axe of electrocution.
You block the meliai's attack.
You sock the seven-headed hydra!
The seven-headed hydra is lightly wounded.
The meliai mumbles some strange prayers to its god against you.
Something smites you!
You thump the seven-headed hydra!
The seven-headed hydra is moderately wounded.
The seven-headed hydra bites you.
You block the seven-headed hydra's attack.
The seven-headed hydra bites you but does no damage. x2
You block the seven-headed hydra's attack. x2
The seven-headed hydra bites you but does no damage.
You thump the seven-headed hydra!
The seven-headed hydra is heavily wounded.
The meliai invokes the aid of its god against you.
Something smites you!
* * * LOW HITPOINT WARNING * * *
The seven-headed hydra bites you!
* * * LOW HITPOINT WARNING * * *
The seven-headed hydra bites you but does no damage.
The seven-headed hydra bites you!
* * * LOW HITPOINT WARNING * * *
The seven-headed hydra bites you but does no damage.
The seven-headed hydra bites you.
* * * LOW HITPOINT WARNING * * *
The seven-headed hydra bites you.
You die...

##.#.#####.########
#......#..#.
...#.####...##....#
##..#..####|
####.##.##.#####.####
#.....###..
.....##.##.##.##.##.#
#..#.###...
#######........)....#
####...#)..
#.##.##.##.##[#
###.....
####.#####.##)#
#..... #...(# #...###
#..... ###### ##@##
#..... #D# #...P.
#.Jy5.....(. #.#...
#.##!##.##.# ###... #
#.# # ##.. (.. ##.
### #. #. #.


You could see a seven-headed hydra, a meliai and a shadow imp.

Vanquished Creatures
  2 hydras (D:8)
  A catoblepas (D:8)
  A centaur warrior (D:8)
  2 two-headed ogres
  Pikel (D:4)
  Joseph (D:7)
  An unseen horror (D:8)
  An unseen horror (shapeshifter) (D:8)
  A troll (shapeshifter) (D:8)
  A slime creature (D:8)
  A redback (shapeshifter) (D:8)
  A wyvern (D:8)
  2 basilisks (D:8)
  2 wargs (D:8)
  3 water moccasins
  Duvessa (D:7)
  4 orc warriors (D:8)
  A sky beast (D:5)
  3 ice beasts
  4 centaurs
  2 phantoms
  A kobold brigand (D:8)
  A gnoll sergeant (D:8)
  A bullfrog (D:6)
  3 scorpions
  Dowan (D:7)
  A centaur zombie (D:7)
  A bullfrog zombie (D:5)
  A jelly (D:5)
  2 orc priests
  A centaur skeleton (D:5)
  An iron imp (D:4)
  3 bullfrog skeletons
  2 iguanas
  Terence (D:2)
  5 orc wizards
  A killer bee zombie (D:8)
  A howler monkey zombie (D:8)
  7 gnolls (D:8)
  11 adders
  2 river rats
  2 white imps
  An ufetubus (D:4)
  An adder zombie (D:5)
  2 worms
  A dart slug (D:2)
  13 orcs
  6 bats
  9 endoplasms
  5 giant cockroaches
  10 hobgoblins
  8 kobolds
  3 quokkas
  8 ball pythons
  8 frilled lizards
  3 goblins
  8 rats
171 creatures vanquished.

Vanquished Creatures (others)
  An orc (D:8)
  6 plants (D:8)
7 creatures vanquished.

Grand Total: 178 creatures vanquished

Notes
Turn   | Place    | Note
-------+----------+-------------------------------------------
     0 | D:1      | ytrimaz the Demigod Fighter began the quest for the Orb.
     0 | D:1      | Reached XP level 1. HP: 18/18 MP: 3/3
   673 | D:1      | Reached skill level 2 in Maces & Flails
   676 | D:1      | Reached XP level 2. HP: 25/25 MP: 4/4
  1363 | D:2      | Reached XP level 3. HP: 30/30 MP: 5/5
  1441 | D:2      | Noticed Terence
  1450 | D:2      | Killed Terence
  1451 | D:2      | Reached skill level 3 in Maces & Flails
  1777 | D:2      | Reached XP level 4. HP: 37/38 MP: 6/6
  2451 | D:3      | Reached skill level 4 in Maces & Flails
  2977 | D:4      | Noticed a phantom
  3002 | D:4      | Killed a phantom
  3003 | D:4      | Reached XP level 5. HP: 44/45 MP: 7/7
  3109 | D:4      | Noticed Pikel
  3132 | D:4      | Killed Pikel
  3133 | D:4      | Reached skill level 6 in Maces & Flails
  3133 | D:4      | Reached XP level 6. HP: 48/51 MP: 8/8
  3133 | D:4      | Reached XP level 7. HP: 53/57 MP: 9/9
  3703 | D:5      | Entered Level 5 of the Dungeon
  3775 | D:5      | Reached skill level 7 in Maces & Flails
  3955 | D:5      | Noticed a two-headed ogre
  4006 | D:5      | Killed a two-headed ogre
  4007 | D:5      | Reached skill level 8 in Maces & Flails
  4007 | D:5      | Reached XP level 8. HP: 16/67 MP: 10/10
  4272 | D:5      | Found a staircase to the Ecumenical Temple.
  4672 | D:6      | Found Siacet's Assorted Antiques.
  4682 | D:6      | Reached skill level 9 in Maces & Flails
  5134 | D:6      | Reached skill level 5 in Armour
  5155 | D:6      | Reached XP level 9. HP: 72/72 MP: 11/11
  5166 | D:6      | Found a glowing drain.
  5180 | Sewer    | Entered a sewer
  5558 | D:6      | Bought a scroll labelled FIORCH SILLYZURPH for 29 gold
                  | pieces
  5786 | D:7      | Identified the +1 pair of gloves of Wimol {+Inv rC+++ Str-2
                  | Dex-2}
  5803 | D:7      | Noticed Duvessa
  5803 | D:7      | Noticed Dowan
  5814 | D:7      | Killed Duvessa
  5823 | D:7      | Killed Dowan
  5830 | D:7      | Got the Catalogue of Mutagenic Intoxication
  5970 | D:7      | Noticed Joseph
  5991 | D:7      | Killed Joseph
  5992 | D:7      | Reached skill level 5 in Fighting
  5992 | D:7      | Reached skill level 10 in Maces & Flails
  6462 | D:8      | Noticed a catoblepas
  6515 | D:8      | Killed a catoblepas
  6516 | D:8      | Reached skill level 11 in Maces & Flails
  6610 | D:8      | Found a staircase to the Lair.
  6724 | D:8      | Reached XP level 10. HP: 83/83 MP: 13/13
  6835 | D:8      | Noticed a fire crab
  6841 | D:8      | Noticed a guardian serpent
  6841 | D:8      | a fire crab changed into a guardian serpent
  6850 | D:8      | a guardian serpent changed into a troll
  7007 | D:8      | Noticed a two-headed ogre
  7017 | D:8      | Killed a two-headed ogre
  7018 | D:8      | Reached skill level 12 in Maces & Flails
  7310 | D:8      | Noticed a five-headed hydra
  7646 | D:8      | Killed a five-headed hydra
  7647 | D:8      | Reached skill level 5 in Shields
  7726 | D:8      | Noticed a five-headed hydra
  7728 | D:8      | Noticed a centaur warrior
  7729 | D:8      | Noticed a black mamba
  7729 | D:8      | a yak changed into a black mamba
  7739 | D:8      | Killed a five-headed hydra
  7748 | D:8      | a black mamba changed into a komodo dragon
  7752 | D:8      | Killed a centaur warrior
  7779 | D:8      | Identified the +4 falchion "Beastbane" {flame, Dex+6
                  | Stlth+}
  7853 | D:8      | Noticed a seven-headed hydra
  7860 | D:8      | HP: 2/84 [seven-headed hydra (3)]
  7860 | D:8      | Slain by a seven-headed hydra

Illustrated notes

Levels and vault maps discovered:
D:1:      lightli_arrival_statue_moat, layout_basic
D:2:      minmay_alternating_diamond, layout_loops_ring,
          hellmonk_ecumenical_altar_lost_god, minmay_cut_off, uniq_terence
D:3:      layout_loops_cross, kennysheep_cross_room, kennysheep_boxes
D:4:      layout_basic, mainiacjoe_overflow_catwalk_spiral, slow_altar_2,
          uniq_pikel
D:5:      layout_basic, bloody_trog, minmay_temple_entry_gardened_gates,
          amethyst_killhole
D:6:      layout_loops_cross, serial_shops, nicolae_shop_waterfront,
          gup_sewer_entry_bubbles
D:7:      layout_rooms, uniq_joseph, uniq_duvessa
D:8:      hangedman_cross_veins, layout_basic, erik_lair_orcish_takeover,
          minmay_shattered_shrine

Skill      XL: |  1  2  3  4  5  6  7  8  9 10 |
---------------+-------------------------------+-----
Maces & Flails | 2 3 4 6 8 9 11 12 | 12.7
Armour         | 3 4 5 6 |  6.8
Fighting       | 3 4 5 6 |  6.7
Shields        | 3 4 5 |  5.1

Action                   |  1- 3 |  4- 6 |  7- 9 | 10-12 || total
-------------------------+-------+-------+-------+-------++-------
Melee: Flail             |   100 |    97 |   443 |   206 ||   846
  Use: Scroll            |     6 |     5 |    13 |     4 ||    28
       Potion            |       |     1 |     3 |     2 ||     6
 Stab: Petrified         |       |       |     2 |       ||     2
       Petrifying        |       |       |     1 |       ||     1
Armor: Ring mail         |    45 |    44 |   270 |   170 ||   529
       Scale mail        |     5 |       |       |       ||     5
Dodge: Dodged            |    61 |    65 |   182 |    78 ||   386
Block: Buckler           |    20 |    13 |    91 |    79 ||   203

Table legend: (Time is in decaauts)
 A = Elapsed time spent in this place.
 B = Non-inter-level travel time spent in this place.
 C = Inter-level travel time spent in this place.
 D = Time resting spent in this place.
 E = Time spent auto-exploring this place.
 F = Levels seen in this place.
 G = Mean time per level.
                   A        B        C        D        E       F      G
               +--------+--------+--------+--------+--------+-----+--------+
         Total |   7939 |   7717 |    222 |    355 |   5301 |   9 |  882.1 |
       Dungeon |   7552 |   7330 |    222 |    355 |   5056 |   8 |  944.0 |
         Sewer |    387 |    387 |      0 |      0 |    245 |   1 |  387.0 |
               +--------+--------+--------+--------+--------+-----+--------+

Top non-repeatable levels by time:
     D:8: 1346 daAuts
     D:1: 1272 daAuts
     D:5: 971 daAuts
     D:2: 876 daAuts
     D:3: 847 daAuts
     D:4: 763 daAuts
     D:7: 738 daAuts
     D:6: 737 daAuts
   Sewer: 387 daAuts
